[Event "November 21 Late 2023"]
[Site "https://www.chess.com"]
[Date "2023.11.21"]
[Round "1"]
[White "Zampronha, Wladimir Camilo"]
[Black "De La Colina, Nicolas"]
[Result "0-1"]
[Board "118"]
[TimeControl "180+1"]
[WhiteFideId "2103087"]
[BlackFideId "30946921"]
[WhiteElo "2055"]
[BlackElo "2088"]
[WhiteTeam "BRA"]
[BlackTeam "USA"]
[WhiteClock "0:00:00"]
[BlackClock "0:00:09"]

1. e4 c5 2. Nf3 Nc6 3. d4 cxd4 4. Nxd4 Nf6 5. Nc3 d6 6. Bg5 Bd7 7. Qd2 h6 8. Bh4 g5 9. Bg3 Nxd4 10. Qxd4 Bg7 11. Qd2 Qa5 12. f3 Rc8 13. Bf2 a6 14. Bd4 b5 15. Nd5 Qxd2+ 16. Kxd2 Nxe4+ 17. fxe4 Bxd4 18. c3 Be5 19. a4 bxa4 20. Bxa6 Rb8 21. Kc2 e6 22. Ne3 Bc6 23. Bd3 Ke7 24. Nc4 Bg7 25. Rhd1 Rhc8 26. Na5 Bd7 27. Ba6 Rc7 28. Bf1 Rb4 29. Bd3 Rb8 30. Nc4 Be8 31. Bf1 Bb5 32. Ne3 Bc6 33. Bd3 Be5 34. h3 d5 35. Ng4 Bg7 36. exd5 Bxd5 37. Ne3 Bb3+ 38. Kd2 Bxd1 39. Nxd1 Ra7 40. Bc2 Rd8+ 41. Ke2 Rda8 42. Ra2 Be5 43. Be4 Rb8 44. Bc2 Rba8 45. Be4 Rb8 46. Bc2 a3 47. bxa3 Rba8 48. a4 Rc8 49. Kd2 Rd7+ 50. Kc1 Bxc3 51. Nxc3 Rxc3 52. Kb2 Rc6 53. Kb1 Rb7+ 54. Kc1 Ra7 55. Kd2 Rc5 56. Bd1 Raa5 57. Bc2 Rd5+ 58. Ke2 Kd6 59. Bd3 Kc5 60. Bb5 Kb4 61. Rb2+ Kc3 62. Rb1 Re5+ 63. Kf2 f5 64. Kg3 Kd4 65. Kh2 Kc5 66. Rd1 Rd5 67. Rc1+ Kd6 68. Rc8 Rdxb5 69. axb5 Rxb5 70. Rh8 Ke5 71. Rxh6 Rb3 72. Rh8 Kf4 73. Rd8 e5 74. Re8 e4 75. Rd8 Ke3 76. Kh1 f4 77. Kh2 Rb2 78. h4 g4 79. h5 g3+ 80. Kh3 Rb5 81. Kg4 Rb7 82. h6 Rh7 83. Kg5 f3 84. gxf3 exf3 85. Re8+ Kf2 86. Kg6 Rxh6+ 87. Kxh6 g2 88. Rg8 g1=Q 89. Rxg1 Kxg1 0-1

[Event "November 21 Late 2023"]
[Site "https://www.chess.com"]
[Date "2023.11.21"]
[Round "1"]
[White "Cremisi, Daniel"]
[Black "Cooper, Aaron"]
[Result "0-1"]
[Board "119"]
[TimeControl "180+1"]
[WhiteFideId "2089882"]
[BlackFideId "2634945"]
[WhiteElo "2172"]
[BlackElo "2323"]
[WhiteTeam "USA"]
[BlackTeam "CAN"]
[WhiteClock "0:00:53"]
[BlackClock "0:00:12"]

1. d4 d5 2. c4 e6 3. Nc3 Nf6 4. cxd5 exd5 5. Bg5 Nbd7 6. e3 c6 7. Bd3 Be7 8. Qc2 O-O 9. Nge2 Re8 10. O-O Nf8 11. Rab1 a5 12. f3 Nh5 13. Bxe7 Qxe7 14. e4 dxe4 15. fxe4 Qg5 16. e5 Ng6 17. Ne4 Qe3+ 18. Kh1 Bg4 19. Nd6 Bxe2 20. Qxe2 Qxd4 21. Bxg6 hxg6 22. Nxe8 Rxe8 23. Rbd1 Qh4 24. Qf3 f5 25. exf6 Nxf6 26. Qb3+ Kh8 27. Qf7 Rg8 28. Qxg6 Ng4 29. Rd3 Qxh2# 0-1

[Event "November 21 Late 2023"]
[Site "https://www.chess.com"]
[Date "2023.11.21"]
[Round "1"]
[White "Cardozo Munar, Carlos Eduardo"]
[Black "Olsen, Filip Boe"]
[Result "0-1"]
[Board "120"]
[TimeControl "180+1"]
[WhiteFideId "4409477"]
[BlackFideId "1440640"]
[WhiteElo "2067"]
[BlackElo "2322"]
[WhiteTeam "COL"]
[BlackTeam "DEN"]
[WhiteClock "0:01:14"]
[BlackClock "0:02:18"]

1. d4 Nf6 2. Bg5 d5 3. Bxf6 exf6 4. g3 c6 5. Bg2 Bf5 6. Nd2 Nd7 7. e3 Bd6 8. Ne2 O-O 9. O-O Re8 10. c4 dxc4 11. Nxc4 Bf8 12. Nc3 Nb6 13. Na5 Qd7 14. e4 Bg6 15. Re1 Rad8 16. e5 fxe5 17. dxe5 Qc7 18. Qb3 Nd7 19. Nc4 Nc5 20. Qa3 Nd3 21. Qxa7 Bc5 22. Qa4 Bxf2+ 23. Kh1 Bxe1 24. Nd6 Rxe5 0-1

[Event "November 21 Late 2023"]
[Site "https://www.chess.com"]
[Date "2023.11.21"]
[Round "1"]
[White "Zarnicki, Pablo"]
[Black "Modric, Nesa"]
[Result "1-0"]
[Board "121"]
[TimeControl "180+1"]
[WhiteFideId "100137"]
[BlackFideId "922579"]
[WhiteElo "2468"]
[BlackElo "2167"]
[WhiteTeam "ARG"]
[BlackTeam "SRB"]
[WhiteClock "0:01:11"]
[BlackClock "0:00:01"]

1. e4 d5 2. exd5 Qxd5 3. Nc3 Qa5 4. d4 c6 5. Bc4 Bf5 6. Nf3 Nf6 7. Bd2 e6 8. Nd5 Qd8 9. Nxf6+ gxf6 10. Bb3 Nd7 11. Nh4 Bg6 12. Qe2 Bd6 13. O-O-O Qe7 14. f4 f5 15. Nxg6 hxg6 16. g3 O-O-O 17. c4 Bb4 18. Be3 Nf6 19. Bc2 Ng4 20. Bg1 Rhe8 21. Kb1 Ba5 22. h3 Nf6 23. Bf2 Bc7 24. Rhe1 Qf8 25. Qf3 Kb8 26. g4 fxg4 27. hxg4 Bb6 28. f5 gxf5 29. gxf5 exf5 30. Qxf5 Rxe1 31. Rxe1 Ne8 32. c5 Bc7 33. Bb3 f6 34. a3 Ng7 35. Qg6 Re8 36. Rg1 Ne6 37. Qf5 Nf4 38. Ka2 Nd5 39. Bxd5 cxd5 40. Qxd5 Qe7 41. Re1 Qxe1 42. Bxe1 Rxe1 43. Qg8+ 1-0

[Event "November 21 Late 2023"]
[Site "https://www.chess.com"]
[Date "2023.11.21"]
[Round "1"]
[White "Luxama, Jacques Muller"]
[Black "Lymar, Vladislav"]
[Result "1-0"]
[Board "122"]
[TimeControl "180+1"]
[WhiteFideId "11900113"]
[BlackFideId "14162180"]
[WhiteElo "1931"]
[BlackElo "2234"]
[WhiteTeam "HAI"]
[BlackTeam "UKR"]
[WhiteClock "0:00:03"]
[BlackClock "0:00:03"]

1. e4 d6 2. d4 Nf6 3. Nc3 e5 4. Nf3 Nbd7 5. g3 Be7 6. Bg2 c6 7. O-O O-O 8. a4 b6 9. dxe5 dxe5 10. Qe2 Qc7 11. Rd1 Nc5 12. h3 Ba6 13. Qe1 Rad8 14. Bg5 Ne6 15. Be3 Bb4 16. Nh4 Nd4 17. Rd2 Rd7 18. Nf5 Rfd8 19. f4 Bc5 20. Kh1 Nxf5 21. Rxd7 Qxd7 22. Bxc5 Nxg3+ 23. Qxg3 exf4 24. Qxf4 bxc5 25. Rd1 Qe7 26. Rxd8+ Qxd8 27. Qe5 c4 28. Qc5 Qd7 29. e5 Nh5 30. Qxc6 Qxc6 31. Bxc6 Kf8 32. Bb5 Bb7+ 33. Kh2 Nf4 34. Bxc4 Ng6 35. e6 f5 36. Nb5 Ne5 37. Bb3 a6 38. Nd6 Be4 39. Nxe4 fxe4 40. Kg3 g5 41. h4 h6 42. hxg5 hxg5 43. Bd5 e3 44. c4 Ke7 45. b4 Kd6 46. c5+ Kc7 47. b5 axb5 48. axb5 Nd3 49. b6+ Kd8 50. b7 e2 51. b8=Q+ Ke7 52. Qd6+ Kf6 53. e7+ Kg7 54. e8=N+ Kh7 55. Qe7+ Kh6 56. Qg7+ Kh5 57. Qh7# 1-0

[Event "November 21 Late 2023"]
[Site "https://www.chess.com"]
[Date "2023.11.21"]
[Round "1"]
[White "Sturt, Raven"]
[Black "Silvestre, Christian"]
[Result "1-0"]
[Board "123"]
[TimeControl "180+1"]
[WhiteFideId "2007304"]
[BlackFideId "30956269"]
[WhiteElo "2408"]
[BlackElo "2319"]
[WhiteTeam "USA"]
[BlackTeam "USA"]
[WhiteClock "0:00:33"]
[BlackClock "0:00:00"]

1. f4 d6 2. Nf3 g6 3. e4 Bg7 4. d4 c5 5. dxc5 Qa5+ 6. Nc3 Qxc5 7. Bd3 Nc6 8. Nd5 Qa5+ 9. Bd2 Qd8 10. Bc3 Bxc3+ 11. Nxc3 Nf6 12. O-O O-O 13. Kh1 Qb6 14. Qd2 Be6 15. f5 Bd7 16. Rab1 Ne5 17. Qh6 Neg4 18. Qh4 Rac8 19. Ng5 h6 20. Nf3 g5 21. Nxg5 hxg5 22. Qxg5+ Kh7 23. Qh4+ Nh6 24. Rf3 Rxc3 25. Rh3 Ng8 26. e5 Rxd3 27. cxd3 Bxf5 28. Rg3 dxe5 29. Rf1 Bg6 30. b3 Qe6 31. Qb4 b6 32. Qa4 a5 33. Rgf3 f5 34. Re1 Nf6 35. Qb5 e4 36. Rh3 Ng4 37. Rg3 Qf6 38. Qd5 Qd4 39. Qxd4 1-0

[Event "November 21 Late 2023"]
[Site "https://www.chess.com"]
[Date "2023.11.21"]
[Round "1"]
[White "GAO"]
[Black "Lamaze, Simon"]
[Result "0-1"]
[Board "124"]
[TimeControl "180+1"]
[BlackFideId "36069264"]
[WhiteElo "2313"]
[BlackElo "2335"]
[BlackTeam "FRA"]
[WhiteClock "0:00:11"]
[BlackClock "0:00:21"]

1. e4 c6 2. Nf3 d5 3. Nc3 Bg4 4. h3 Bxf3 5. Qxf3 e6 6. g3 d4 7. Ne2 Ne7 8. d3 h5 9. Bg2 h4 10. O-O Ng6 11. Nf4 Ne5 12. Qe2 Bd6 13. c3 c5 14. g4 Nbd7 15. Bd2 Rc8 16. Rac1 Rc6 17. cxd4 cxd4 18. Rxc6 Nxc6 19. Nd5 exd5 20. exd5+ Ne7 21. f4 O-O 22. Qf2 Ng6 23. f5 Bg3 24. Qxd4 Nge5 25. Kh1 Qb8 26. f6 Nxf6 27. d6 Nfd7 28. Bd5 Qxd6 29. Bb4 Qg6 30. Bxf8 Nxf8 31. Be4 Qg5 32. Bxb7 Ne6 33. Qe4 Qd2 34. Qg2 Qxg2+ 35. Bxg2 Nf4 36. d4 Ned3 37. Rf3 Nf2+ 38. Kg1 N2xh3+ 39. Bxh3 Nxh3+ 40. Kg2 Nf4+ 41. Kg1 Ne2+ 42. Kg2 Nxd4 43. Ra3 Ne6 44. Rxa7 Be5 45. b4 Ng5 46. Ra3 h3+ 47. Kh1 Ne4 48. Rb3 Nf2+ 49. Kg1 h2+ 50. Kxf2 h1=Q 51. b5 Qh2+ 52. Ke3 Qf4+ 53. Kd3 Qxg4 54. b6 Qd4+ 55. Kc2 Qc4+ 56. Kd2 Bf4+ 57. Ke1 Bb8 58. Kf2 g5 59. b7 g4 60. Rg3 Bxg3+ 61. Kxg3 Qc7+ 0-1

[Event "November 21 Late 2023"]
[Site "https://www.chess.com"]
[Date "2023.11.21"]
[Round "1"]
[White "Milchev, Nikolay"]
[Black "Rose, Felix"]
[Result "1-0"]
[Board "125"]
[TimeControl "180+1"]
[WhiteFideId "2906090"]
[BlackFideId "5105722"]
[WhiteElo "2449"]
[BlackElo "2039"]
[WhiteTeam "ENG"]
[BlackTeam "MEX"]
[WhiteClock "0:00:57"]
[BlackClock "0:00:02"]

1. Nf3 d5 2. c4 e6 3. g3 Nf6 4. Bg2 Be7 5. O-O O-O 6. d4 dxc4 7. Qa4 c5 8. dxc5 Qc7 9. Qxc4 Qxc5 10. Qb3 Nc6 11. Be3 Qb4 12. Qc2 Bd7 13. a3 Qg4 14. h3 Qg6 15. Qxg6 hxg6 16. Rd1 Rfd8 17. Nc3 Be8 18. b4 a6 19. Nd2 Rd7 20. Nc4 Rad8 21. Rxd7 Rxd7 22. Rc1 Rd8 23. g4 Nd7 24. Ne4 Nde5 25. Nxe5 Nxe5 26. Nc5 Bxc5 27. Rxc5 Nc6 28. b5 axb5 29. Rxb5 Rd1+ 30. Kh2 Nd8 31. Ra5 Bc6 32. Ra8 Bxg2 33. Kxg2 Kh7 34. Rb8 Rd7 35. a4 Nc6 36. Ra8 f6 37. a5 g5 38. Bb6 Kg6 39. f3 Kf7 40. Kf2 e5 41. Kg3 Ke6 42. h4 gxh4+ 43. Kxh4 Nd4 44. Bxd4 exd4 45. Kh5 Kf7 46. Kh4 Ke6 47. Rg8 Kf7 48. Ra8 Kg6 49. Ra7 Rd5 50. Kg3 Rb5 51. Kf4 Rb2 52. Ke4 Rxe2+ 53. Kxd4 Rb2 54. Kc3 Rb1 55. f4 f5 56. g5 Kh5 57. a6 bxa6 58. Rxg7 Rf1 59. Kd4 Rxf4+ 60. Ke5 Rg4 61. Kxf5 Kh4 62. Rh7+ Kg3 63. g6 a5 64. Rh1 a4 65. Rg1+ 1-0

[Event "November 21 Late 2023"]
[Site "https://www.chess.com"]
[Date "2023.11.21"]
[Round "1"]
[White "Estrategia_vs_Tactica"]
[Black "TheKnightOfBosnia"]
[Result "0-1"]
[Board "126"]
[TimeControl "180+1"]
[WhiteElo "2309"]
[BlackElo "2586"]
[WhiteClock "0:01:16"]
[BlackClock "0:00:13"]

1. e4 e5 2. Nf3 Nc6 3. Bc4 Nf6 4. d3 Bc5 5. O-O d6 6. c3 a5 7. a4 h6 8. Re1 O-O 9. Be3 Bxe3 10. Rxe3 Ne7 11. Nbd2 Ng6 12. d4 c6 13. d5 cxd5 14. exd5 Ng4 15. Re1 f5 16. Nf1 e4 17. Nd4 Qh4 18. Qd2 N6e5 19. Bb5 Rf6 20. h3 Rg6 21. hxg4 Rxg4 22. Qe3 f4 23. Qxe4 f3 24. Nxf3 Rxg2+ 25. Kxg2 Qh3+ 26. Kg1 Nxf3+ 27. Qxf3 Qxf3 28. Re3 Qg4+ 29. Rg3 Qf4 30. Re1 Bf5 31. Re7 g6 32. Ne3 Rf8 33. Nxf5 Qxf5 34. Bd3 Qxf2+ 35. Kh1 Qxg3 0-1

[Event "November 21 Late 2023"]
[Site "https://www.chess.com"]
[Date "2023.11.21"]
[Round "1"]
[White "Bettalli, Francesco"]
[Black "Mendez Machado, Andre"]
[Result "1-0"]
[Board "127"]
[TimeControl "180+1"]
[WhiteFideId "2816453"]
[BlackFideId "6603793"]
[WhiteElo "2226"]
[BlackElo "1950"]
[WhiteTeam "ITA"]
[BlackTeam "PAN"]
[WhiteClock "0:00:54"]
[BlackClock "0:00:01"]

1. d4 Nf6 2. Nc3 d5 3. Bf4 e6 4. Nb5 Na6 5. e3 Be7 6. a3 O-O 7. Nf3 Nh5 8. Be5 c5 9. Bd3 c4 10. Be2 f6 11. Bg3 Qa5+ 12. Nc3 b5 13. O-O Nxg3 14. hxg3 b4 15. axb4 Qxb4 16. Qd2 Rb8 17. Ra4 Qb6 18. Rfa1 Bb4 19. Qc1 Nc7 20. Rxa7 Bxc3 21. bxc3 Nb5 22. R7a5 Nxc3 23. Qd2 Ne4 24. Qc1 Qb2 25. Qxb2 Rxb2 26. Ne1 Nc3 27. Bg4 f5 28. Bf3 Bb7 29. Kh2 Rb8 30. g4 g6 31. gxf5 gxf5 32. Kg3 Bc6 33. Kf4 Kf7 34. Ke5 Rb1 35. Ra7+ Kg8 36. Kxe6 Rxa1 37. Rxa1 Re8+ 38. Kd6 Bb7 39. Kd7 Rf8 40. Ra7 Ba8 41. Ke6 f4 42. exf4 Rxf4 43. Rxa8+ Kg7 44. Ra7+ Kg6 45. g3 Rxd4 46. Ng2 Rd2 47. Nf4+ Kg5 48. Rxh7 Rxf2 49. Rh5# 1-0

[Event "November 21 Late 2023"]
[Site "https://www.chess.com"]
[Date "2023.11.21"]
[Round "1"]
[White "Harish, Neeraj"]
[Black "Erdogan, Anil Berk"]
[Result "0-1"]
[Board "128"]
[TimeControl "180+1"]
[WhiteFideId "30958130"]
[BlackFideId "6348173"]
[WhiteElo "1866"]
[BlackElo "2007"]
[WhiteTeam "USA"]
[BlackTeam "TUR"]
[WhiteClock "0:00:02"]
[BlackClock "0:00:19"]

1. e4 c5 2. Nf3 g6 3. d4 cxd4 4. Nxd4 Nc6 5. c4 Nf6 6. Nc3 d6 7. Be2 Nxd4 8. Qxd4 Bg7 9. Be3 O-O 10. Qd2 Qa5 11. O-O Be6 12. Rac1 Rfc8 13. b3 a6 14. f3 b5 15. cxb5 axb5 16. Nxb5 Rxc1 17. Rxc1 Qxd2 18. Bxd2 Rxa2 19. Rd1 Bxb3 20. Rb1 Rxd2 21. Rxb3 Rxe2 22. h3 h5 23. Nd4 Rd2 24. Nc6 Bf8 25. Rb8 Kg7 26. e5 dxe5 27. Nxe5 Nd7 28. Nxd7 Rxd7 29. Ra8 e5 30. Kf2 Ra7 31. Rb8 Bc5+ 32. Kg3 Ra2 33. Rb7 Bf2+ 34. Kh2 h4 35. Rb1 Bg3+ 36. Kg1 Rc2 37. Kf1 Bf4 38. Rb7 Be3 39. Rb3 Bd4 40. Rb7 Rf2+ 41. Ke1 Rxg2 0-1

[Event "November 21 Late 2023"]
[Site "https://www.chess.com"]
[Date "2023.11.21"]
[Round "1"]
[White "Statham_l3"]
[Black "rikchessmx"]
[Result "1-0"]
[Board "129"]
[TimeControl "180+1"]
[WhiteElo "2584"]
[BlackElo "2307"]
[WhiteClock "0:01:20"]
[BlackClock "0:01:54"]

1. e4 e5 2. Nf3 Nc6 3. Bb5 Bc5 4. c3 Qf6 5. O-O Nge7 6. Bxc6 Nxc6 7. d4 exd4 8. e5 Qg6 9. cxd4 Bb6 10. d5 Ne7 11. Nc3 O-O 12. Nh4 Bxf2+ 13. Rxf2 Qb6 14. d6 Nc6 15. Nd5 Qa5 16. b4 Nxb4 17. Ne7+ Kh8 18. Qh5 Nd3 19. Nhg6+ fxg6 20. Rxf8# 1-0

[Event "November 21 Late 2023"]
[Site "https://www.chess.com"]
[Date "2023.11.21"]
[Round "1"]
[White "gpsji27"]
[Black "Janaszak, Dawid"]
[Result "1-0"]
[Board "130"]
[TimeControl "180+1"]
[BlackFideId "1119206"]
[WhiteElo "2305"]
[BlackElo "2218"]
[BlackTeam "POL"]
[WhiteClock "0:00:19"]
[BlackClock "0:00:37"]

1. d4 Nf6 2. Nf3 g6 3. Nc3 d5 4. Bf4 c6 5. e3 Qb6 6. Qc1 Bg7 7. Bd3 O-O 8. O-O Na6 9. a3 Nh5 10. Bg3 Nxg3 11. hxg3 e6 12. Qd2 Nb8 13. a4 Nd7 14. a5 Qc7 15. b4 e5 16. dxe5 Nxe5 17. Nxe5 Qxe5 18. Ra3 Be6 19. Ne2 Rad8 20. Nd4 Bd7 21. c4 Qd6 22. c5 Qe7 23. a6 b6 24. Rc1 b5 25. Nb3 h5 26. Na5 h4 27. gxh4 Qxh4 28. Nb7 Rde8 29. Nd6 Re5 30. g3 Qh3 31. Bf1 Qe6 32. Bg2 Bh6 33. Rd3 Kg7 34. Qc3 f6 35. f4 Rh5 36. e4 dxe4 37. Nxe4 Rd5 38. Rcd1 Bc8 39. Rxd5 cxd5 40. Nd6 Bxa6 41. Bxd5 Qg4 42. Qf3 Qh3 43. Qg2 Qg4 44. Bf3 Qd7 45. c6 Qc7 46. Qe2 Rd8 47. Ne8+ Rxe8 48. Qxe8 Qb6+ 49. Kg2 Kh7 50. Rd7+ Bg7 51. Be4 f5 52. Qf7 Qd4 53. Rxd4 1-0

[Event "November 21 Late 2023"]
[Site "https://www.chess.com"]
[Date "2023.11.21"]
[Round "1"]
[White "Leiva, Gianmarco"]
[Black "AndresDelgado77"]
[Result "1-0"]
[Board "131"]
[TimeControl "180+1"]
[WhiteFideId "3804399"]
[WhiteElo "2335"]
[BlackElo "2301"]
[WhiteTeam "PER"]
[WhiteClock "0:01:59"]
[BlackClock "0:00:00"]

1. b3 d5 2. Bb2 Bf5 3. Nf3 e6 4. g3 h6 5. Bg2 Nf6 6. O-O Nbd7 7. d3 Be7 8. Nbd2 O-O 9. c4 c6 10. Rc1 a5 11. a3 Bh7 12. Qc2 b5 13. cxb5 cxb5 14. Nd4 Qb6 15. Qc6 Rab8 16. Qxb6 Rxb6 17. Nc6 Bd6 18. Nxa5 Ra8 19. b4 Be5 20. Bxe5 Nxe5 21. Ndb3 Bf5 22. Nd4 Bg4 23. h3 Bh5 24. g4 Bg6 25. f4 Ned7 26. Rc7 Kf8 27. g5 hxg5 28. fxg5 e5 29. gxf6 Nxf6 30. Nf3 e4 31. Nh4 Bh7 32. d4 Bg8 33. Nf5 Nh5 34. Kh2 g6 35. Nh6 Kg7 36. Nxf7 1-0

[Event "November 21 Late 2023"]
[Site "https://www.chess.com"]
[Date "2023.11.21"]
[Round "1"]
[White "Prokhorov, Oleksandr"]
[Black "Bujisho, Benjamin"]
[Result "1-0"]
[Board "132"]
[TimeControl "180+1"]
[WhiteFideId "14105578"]
[BlackFideId "608610"]
[WhiteElo "1913"]
[BlackElo "2397"]
[WhiteTeam "UKR"]
[BlackTeam "FRA"]
[WhiteClock "0:00:39"]
[BlackClock "0:00:15"]

1. g3 d5 2. Bg2 c6 3. c4 dxc4 4. Na3 Be6 5. Qc2 Nd7 6. Nxc4 Ngf6 7. e4 g6 8. Ne2 Bg7 9. O-O O-O 10. d4 Nb6 11. b3 Nxc4 12. bxc4 c5 13. d5 Bg4 14. Bb2 Bxe2 15. Qxe2 Ne8 16. Bxg7 Kxg7 17. f4 f6 18. e5 Qc7 19. Rab1 Rb8 20. h4 b6 21. h5 g5 22. fxg5 Qxe5 23. Qxe5 fxe5 24. Rxf8 Kxf8 25. Rf1+ Kg7 26. Bh3 Nd6 27. Be6 h6 28. gxh6+ Kxh6 29. g4 Kg5 30. Kg2 e4 31. Kg3 b5 32. cxb5 c4 33. Rh1 c3 34. h6 c2 35. h7 Rh8 36. Bg8 Ne8 37. Rc1 Nf6 38. Rxc2 Nxg8 39. Rc8 Rxh7 40. Rxg8+ Kf6 41. Kf4 Rh2 42. Ra8 Rxa2 43. b6 Rf2+ 44. Kxe4 axb6 45. Rf8+ 1-0

[Event "November 21 Late 2023"]
[Site "https://www.chess.com"]
[Date "2023.11.21"]
[Round "1"]
[White "GatoRojo150"]
[Black "Golubenko, Valentina"]
[Result "1-0"]
[Board "133"]
[TimeControl "180+1"]
[BlackFideId "4501993"]
[WhiteElo "2579"]
[BlackElo "2126"]
[BlackTeam "CRO"]
[WhiteClock "0:01:52"]
[BlackClock "0:00:13"]

1. e4 e6 2. d4 d5 3. Nc3 c5 4. exd5 exd5 5. dxc5 Nf6 6. Bg5 Bxc5 7. Nf3 O-O 8. Be2 Be6 9. O-O Nc6 10. Bd3 h6 11. Bf4 Bg4 12. h3 Be6 13. Qd2 Rc8 14. Bxh6 d4 15. Ne2 Bd5 16. Nh4 gxh6 17. Qxh6 Ne5 18. Nf5 Ne8 19. Ne7+ Qxe7 20. Qh7# 1-0

[Event "November 21 Late 2023"]
[Site "https://www.chess.com"]
[Date "2023.11.21"]
[Round "1"]
[White "Tsiolakidis, Anastasios"]
[Black "Guerra Tulcan, Lenin"]
[Result "0-1"]
[Board "134"]
[TimeControl "180+1"]
[WhiteFideId "4201477"]
[BlackFideId "3601382"]
[WhiteElo "2292"]
[BlackElo "2368"]
[WhiteTeam "GRE"]
[BlackTeam "ECU"]
[WhiteClock "0:02:41"]
[BlackClock "0:02:30"]

1. d4 Nf6 2. c4 c5 3. d5 b5 4. cxb5 a6 5. bxa6 Bxa6 6. Nc3 d6 7. g3 g6 8. Bg2 Bg7 9. f4 O-O 10. Nf3 Bb7 11. e4 Ba6 12. h3 Nbd7 13. Be3 Qa5 14. Qd2 Rfb8 15. Kf2 Qb4 16. Rab1 Nxe4+ 17. Nxe4 Qxe4 18. Rhe1 Qd3 19. Qc1 Qc4 20. Qd2 Bb7 21. Rbd1 Rxa2 22. Re2 Rxb2 23. Qxb2 Bxb2 24. Rxb2 Bxd5 25. Nd2 Rxb2 0-1

[Event "November 21 Late 2023"]
[Site "https://www.chess.com"]
[Date "2023.11.21"]
[Round "1"]
[White "Manukyan, Sargis A."]
[Black "Vemparala, Nikash"]
[Result "1-0"]
[Board "135"]
[TimeControl "180+1"]
[WhiteFideId "13303970"]
[BlackFideId "30960967"]
[WhiteElo "2204"]
[BlackElo "2069"]
[WhiteTeam "ARM"]
[BlackTeam "USA"]
[WhiteClock "0:02:17"]
[BlackClock "0:01:50"]

1. d4 d5 2. c4 e6 3. Nc3 Nf6 4. Bg5 Be7 5. e3 O-O 6. Nf3 b6 7. cxd5 exd5 8. Bd3 h6 9. Bh4 Bb7 10. O-O Ne4 11. Bxe7 Qxe7 12. Rc1 c5 13. dxc5 bxc5 14. Nd2 Nxc3 15. Rxc3 Nc6 16. Bb1 Ne5 17. Qc2 Rac8 18. Qh7# 1-0

[Event "November 21 Late 2023"]
[Site "https://www.chess.com"]
[Date "2023.11.21"]
[Round "1"]
[White "Bazzano, Sebastian"]
[Black "Toropov, Pavel"]
[Result "1-0"]
[Board "136"]
[TimeControl "180+1"]
[WhiteFideId "104566"]
[BlackFideId "24129178"]
[WhiteElo "2277"]
[BlackElo "2182"]
[WhiteTeam "ARG"]
[BlackTeam "RUS"]
[WhiteClock "0:00:20"]
[BlackClock "0:00:00"]

1. d4 d5 2. Bf4 Nf6 3. e3 Bf5 4. Nd2 e6 5. c3 Bd6 6. Bg3 O-O 7. Ngf3 Nbd7 8. Ne5 Ne4 9. Nxe4 Bxe4 10. f3 Bg6 11. Bd3 Bxd3 12. Qxd3 f6 13. Nxd7 Qxd7 14. Bxd6 Qxd6 15. O-O e5 16. e4 dxe4 17. fxe4 exd4 18. cxd4 Kh8 19. Rac1 Rad8 20. Rfd1 Rfe8 21. h3 h6 22. d5 Re7 23. Qb5 b6 24. Qd3 Qf4 25. Qf3 Qe5 26. b3 Rdd7 27. Rc4 c5 28. dxc6 Rxd1+ 29. Qxd1 Qc7 30. Qd5 Qg3 31. c7 Qe3+ 32. Kh1 Qe1+ 33. Kh2 1-0

[Event "November 21 Late 2023"]
[Site "https://www.chess.com"]
[Date "2023.11.21"]
[Round "1"]
[White "Shapiro, Viktor"]
[Black "OKEKE, Isaac Chukwudalu"]
[Result "0-1"]
[Board "137"]
[TimeControl "180+1"]
[WhiteFideId "4175700"]
[BlackFideId "8508526"]
[WhiteElo "2084"]
[BlackElo "2161"]
[WhiteTeam "RUS"]
[BlackTeam "NGR"]
[WhiteClock "0:00:12"]
[BlackClock "0:00:32"]

1. c4 e5 2. Nc3 Nf6 3. g3 Bb4 4. Bg2 O-O 5. Nf3 Nc6 6. O-O d6 7. d3 Bf5 8. Nd5 Nxd5 9. cxd5 Nd4 10. Nxd4 exd4 11. Qa4 Bc5 12. b4 Bb6 13. Qc2 a5 14. Bd2 a4 15. a3 Qd7 16. Rfe1 h5 17. e4 dxe3 18. Bxe3 Rfe8 19. Bxb6 cxb6 20. Qc4 Rac8 21. Qd4 Qb5 22. Be4 Bxe4 23. dxe4 Rc4 24. Qd3 Rec8 25. Rad1 Qe8 26. e5 dxe5 27. d6 Rd4 28. Qf5 Rxd1 29. Rxd1 Rd8 30. Qxh5 Qe6 31. d7 f6 32. Rd6 Qxd6 33. Qe8+ Qf8 34. Qe6+ Kh7 35. Qh3+ Kg6 36. Qg4+ Kf7 37. Qc4+ Ke7 38. Qc7 Rxd7 39. Qxb6 Qd8 40. Qc5+ Kf7 41. h4 Rd1+ 42. Kh2 Qd5 43. Qc7+ Kg6 44. h5+ Kxh5 45. g4+ Kg6 46. Qc8 Qh1+ 47. Kg3 Rg1# 0-1

[Event "November 21 Late 2023"]
[Site "https://www.chess.com"]
[Date "2023.11.21"]
[Round "1"]
[White "Erece, Ece Alkim"]
[Black "ArtemDyachuk"]
[Result "0-1"]
[Board "138"]
[TimeControl "180+1"]
[WhiteFideId "6346006"]
[WhiteElo "1667"]
[BlackElo "2572"]
[WhiteTeam "TUR"]
[WhiteClock "0:00:47"]
[BlackClock "0:01:44"]

1. e4 c5 2. Nf3 d6 3. d4 cxd4 4. Nxd4 Nf6 5. Nc3 Nc6 6. Nde2 g6 7. g3 Bg7 8. Bg2 O-O 9. O-O Rb8 10. a4 a6 11. h3 b5 12. axb5 axb5 13. Be3 b4 14. Na4 Ba6 15. Re1 Bb5 16. Nd4 Nxd4 17. Bxd4 Nd7 18. Bxg7 Kxg7 19. Qd4+ Nf6 20. Qxb4 Bxa4 21. Qxa4 Rxb2 22. Rab1 Qb6 23. Rxb2 Qxb2 24. Qb3 Qxb3 25. cxb3 Rb8 26. Rb1 Rb4 27. f3 Nd7 28. Bf1 Ne5 29. Kf2 Nc6 30. Ke3 Na5 31. Ra1 Rxb3+ 32. Kf4 Nc6 33. g4 Nd4 34. Bg2 Ne2+ 35. Kg5 h6+ 36. Kh4 g5+ 37. Kh5 Nf4# 0-1

[Event "November 21 Late 2023"]
[Site "https://www.chess.com"]
[Date "2023.11.21"]
[Round "1"]
[White "Chylewski, Patryk"]
[Black "Liu, Leonardo"]
[Result "0-1"]
[Board "139"]
[TimeControl "180+1"]
[WhiteFideId "1186191"]
[BlackFideId "30965780"]
[WhiteElo "2176"]
[BlackElo "2256"]
[WhiteTeam "POL"]
[BlackTeam "USA"]
[WhiteClock "0:01:14"]
[BlackClock "0:02:16"]

1. e4 c5 2. Nf3 g6 3. h4 h5 4. Bc4 e6 5. d3 d5 6. exd5 exd5 7. Qe2+ Be6 8. Bb5+ Nd7 9. Bg5 Be7 10. Nc3 d4 11. Ne4 Qa5+ 12. Nfd2 Qxb5 13. Bxe7 Kxe7 14. O-O Ngf6 15. Ng5 Rae8 16. Nc4 Qc6 17. a4 Kd8 18. Qd2 Nd5 19. Rfe1 Kc8 20. b4 Nxb4 21. Qxb4 cxb4 0-1

[Event "November 21 Late 2023"]
[Site "https://www.chess.com"]
[Date "2023.11.21"]
[Round "1"]
[White "Butti, Enrique"]
[Black "elmusmolamas"]
[Result "0-1"]
[Board "140"]
[TimeControl "180+1"]
[WhiteFideId "3700470"]
[WhiteElo "2080"]
[BlackElo "2567"]
[WhiteTeam "PAR"]
[WhiteClock "0:00:33"]
[BlackClock "0:00:05"]

1. d4 d5 2. c4 c6 3. Nf3 Nf6 4. Nc3 dxc4 5. a4 e6 6. e3 c5 7. Bxc4 a6 8. O-O Nc6 9. Qe2 cxd4 10. Rd1 Be7 11. exd4 Nb4 12. Ne5 O-O 13. Bg5 Bd7 14. Bxf6 Bxf6 15. d5 exd5 16. Nxd5 Nxd5 17. Bxd5 Qc7 18. Nxf7 Rxf7 19. Rac1 Bc6 20. Bxf7+ Qxf7 21. a5 Re8 22. Qd2 Qg6 23. f4 h6 24. Rc4 Qg4 25. Rf1 Re2 0-1

[Event "November 21 Late 2023"]
[Site "https://www.chess.com"]
[Date "2023.11.21"]
[Round "1"]
[White "aghasiyevkamal"]
[Black "le-castor-faineant"]
[Result "1/2-1/2"]
[Board "141"]
[TimeControl "180+1"]
[WhiteElo "2565"]
[BlackElo "2244"]
[WhiteClock "0:00:06"]
[BlackClock "0:00:10"]

1. d4 Nf6 2. c4 e6 3. g3 Bb4+ 4. Bd2 Qe7 5. Bg2 Bxd2+ 6. Qxd2 Nc6 7. Nc3 d5 8. cxd5 exd5 9. Nxd5 Nxd5 10. Bxd5 O-O 11. Bg2 Rd8 12. Nf3 Bg4 13. O-O Bxf3 14. exf3 Nxd4 15. Rfe1 Qf6 16. Qd3 c5 17. f4 Rab8 18. Qc4 b6 19. Re5 g6 20. Rae1 Rd7 21. Qa4 Qd6 22. Rd5 Qxd5 23. Bxd5 Rxd5 24. Re8+ Rxe8 25. Qxe8+ Kg7 26. Qe7 a5 27. g4 Ne6 28. g5 Rf5 29. Qd6 Nxf4 30. Qxb6 Rxg5+ 31. Kf1 Rd5 32. f3 a4 33. Qa5 Rd4 34. Qc3 Kg8 35. Qe3 g5 36. Qe8+ Kg7 37. Qe5+ f6 38. Qe7+ Kg6 39. Ke1 h5 40. Qe8+ Kh6 41. Qg8 h4 42. b3 axb3 43. axb3 h3 44. Kf2 Rd2+ 45. Kf1 Rxh2 46. Qf8+ Kg6 47. Qg8+ Kf5 48. Qc8+ Kg6 49. Qg8+ Kf5 50. Qc8+ Kg6 51. Qg8+ 1/2-1/2